 Dungeon Crawl Stone Soup version 0.24.1 (webtiles) character file.

Game seed: 7692905147718364237, levelgen mode: deterministic

335 BowlsofSteal the Poker (level 6, 0/52 HPs)
             Began as a Draconian Berserker on Apr 5, 2020.
             Was a Believer of Trog.
             Slain by a rat (3 damage)
             ... summoned by Eustachio
             ... on level 4 of the Dungeon.
             The game lasted 00:27:18 (3970 turns).

BowlsofSteal the Poker (Draconian Berserker)        Turns: 3970, Time: 00:27:19

Health: 0/52       AC:  7    Str: 24    XL:     6   Next: 28%
Magic:  5/5        EV:  8    Int: 10    God:    Trog [**....]
Gold:   261        SH: 13    Dex:  8    Spells: 5/5 levels left

rFire    . . .     SeeInvis .   y - +1 spear (antimagic)
rCold    . . .     Gourm    .   h - +0 large shield (curse)
rNeg     . . .     Faith    .   (armour unavailable)
rPois    .         Spirit   .   c - +0 hat
rElec    .         Reflect  .   (no cloak)
rCorr    .         Harm     .   t - +0 pair of gloves (curse)
MR       .....                  (no boots)
Stlth    +.........             B - amulet of magic regeneration
HPRegen  0.17/turn              k - ring of magical power
MPRegen  0.34/turn              o - +3 ring of strength

@: no status effects
A: unfitting armour, blurry vision 1, clever 1, clumsy 1, cold-blooded, AC +6
a: Berserk, Trog's Hand, Renounce Religion


You were on level 4 of the Dungeon.
You worshipped Trog.
Trog was pleased with you.
You were not hungry.

You visited 1 branch of the dungeon, and saw 4 of its levels.

You collected 261 gold pieces.

Inventory:

Hand Weapons
 a - a +0 spear
 f - a +2 dagger of electrocution
 j - a +0 spear
 p - a +0 trident
 y - a +1 antimagic spear (weapon)
 F - a +0 falchion
 H - a +0 mace
Missiles
 d - 40 bolts
 m - 83 arrows
 q - 2 boomerangs (quivered)
 v - a throwing net
 w - 6 datura-tipped darts
Armour
 c - a +0 hat (worn)
 g - a +0 robe
 h - a cursed +0 large shield (worn)
 i - a +0 naga barding
 t - a cursed +0 pair of gloves (worn)
 u - a +0 plate armour
 x - a +0 shield
 A - a +0 leather armour
Jewellery
 k - a ring of magical power (left hand)
 o - a +3 ring of strength (right hand)
 B - an amulet of magic regeneration (around neck)
Wands
 n - a wand of flame (14)
Scrolls
 e - a scroll of fear
 l - a scroll of teleportation
 C - 2 scrolls of identify
 D - a scroll of amnesia
Potions
 r - 2 potions of haste
 z - a potion of lignification
Comestibles
 b - 11 rations
 s - a chunk of flesh


   Skills:
 + Level 4.1 Fighting
 + Level 1.7 Short Blades
 + Level 4.4 Polearms
 + Level 3.9 Dodging
 + Level 1.5 Stealth
 + Level 2.3 Shields


You had 5 spell levels left.
You didn't know any spells.
Your spell library was empty.

Dungeon Overview and Level Annotations

Branches:
Dungeon (4/15)
 Temple: D:4-7

Altars:
Ashenzari
Makhleb
Okawaru
Xom

Shops:
D:4 !

Annotations:
D:4 1 runed translucent door, Eustachio; hitsuchi's ghost, amateur OpCK


Innate Abilities, Weirdness & Mutations

Your plain brown scales are hard. (AC +6)
You cannot fit into any form of body armour.
You are cold-blooded and may be slowed by cold attacks.
Scrolls take you a little longer to read.
Your mind is acute. (Int +2)
You are clumsy. (Dex -2)


Message History

* * * LOW HITPOINT WARNING * * *
You block the quokka's attack. You block Eustachio's attack.
The rat barely misses you. The quokka barely misses you.
The ufetubus closely misses you.
The ufetubus hits you but does no damage.
You block the iron imp's attack. You block the quokka's attack.
The rat closely misses you. The rat barely misses you.
The quokka closely misses you. Eustachio hits you but does no damage.
The ufetubus hits you but does no damage. x2
The iron imp barely misses you. The quokka closely misses you.
You completely miss Eustachio.
Your tail-slap misses Eustachio.
Eustachio is lightly wounded.
The ufetubus hits you.
* * * LOW HITPOINT WARNING * * *
The ufetubus hits you.
* * * LOW HITPOINT WARNING * * *
The quokka bites you.
* * * LOW HITPOINT WARNING * * *
The rat bites you but does no damage. The rat bites you.
You die...

*,**,,,,*,....,,.* *,,***,
*,**...,*,,......###***,**,*
*,**....*,,,...,...#_*,**,**
*,**....#####.###!.##,**,**,
*,**...........♣....##,,***,
*,**.................#######
*,**......§§..♣∩♣...........
*,**......r@5...............
*>,,......r@r..♣............
****.......5r.....).........
*####....................
##########...........
#.........).
#########...###...#<
#.......#...# #.#.#.
#.......#...###.#.#.
#...............#.#.


You could see Eustachio, an iron imp, an ufetubus, 2 quokkas and 2 rats.

Vanquished Creatures
  2 crimson imps (D:4)
  2 orc priests (D:4)
  An orc wizard (D:4)
  A hound zombie (D:3)
  10 adders
  An ooze (D:3)
  3 dart slugs
  3 leopard geckos
  7 orcs (D:4)
  5 giant cockroaches
  6 goblins
  7 hobgoblins
  2 ball pythons
  3 bats (D:1)
  6 frilled lizards
  2 kobolds (D:1)
  6 rats
67 creatures vanquished.

Notes
Turn   | Place    | Note
-------+----------+-------------------------------------------
     0 | D:1      | BowlsofSteal the Draconian Berserker began the quest for
                  | the Orb.
     0 | D:1      | Reached XP level 1. HP: 19/19 MP: 1/1
    26 | D:1      | Reached XP level 2. HP: 21/26 MP: 2/2
  1017 | D:2      | Reached XP level 3. HP: 33/33 MP: 3/3
  1673 | D:2      | Reached skill level 1 in Short Blades
  1673 | D:2      | Reached XP level 4. HP: 36/40 MP: 4/4
  2030 | D:2      | Reached skill level 1 in Stealth
  3121 | D:4      | Reached skill level 1 in Shields
  3139 | D:4      | Reached XP level 5. HP: 46/46 MP: 4/5
  3141 | D:4      | Found an iron altar of Okawaru.
  3210 | D:4      | Found a shattered altar of Ashenzari.
  3272 | D:4      | Reached ** piety under Trog
  3500 | D:4      | Reached XP level 6. HP: 7/52 MP: 5/6
  3501 | D:4      | Found a shimmering altar of Xom.
  3608 | D:4      | Found a burning altar of Makhleb.
  3802 | D:4      | Found a runed translucent door.
  3815 | D:4      | Noticed hitsuchi's ghost (amateur OpCK)
  3850 | D:4      | Gained mutation: You are clumsy. (Dex -2) [potion of
                  | mutation]
  3850 | D:4      | Gained mutation: Scrolls take you a little longer to read.
                  | [potion of mutation]
  3850 | D:4      | Gained mutation: Your mind is acute. (Int +2) [potion of
                  | mutation]
  3944 | D:4      | Found Vitap's Distillery.
  3952 | D:4      | Noticed Eustachio
  3970 | D:4      | Slain by a rat

Levels and vault maps discovered:
D:1:      dpeg_arrival_tiny_d, layout_basic, minmay_tetromino_l4
D:2:      minmay_razor_zed, layout_basic
D:3:      layout_basic
D:4:      layout_basic, grunt_temple_overflow_champion_of_chaos,
          okawaru_trees_2, marbit_many_paths, lemuel_crystal_altar,
          ebering_ghost_sewer_d, serial_shops, nicolae_shop_trees, first_ration,
          uniq_eustachio

Skill      XL: |  1  2  3  4  5 |
---------------+----------------+-----
Dodging        | 3 |  3.9
Short Blades   | 1 |  1.7
Stealth        | 1 |  1.5
Shields        | 1 2 |  2.3
Polearms       | 4 |  4.4
Fighting       | 4 |  4.1

Action                   |  1- 3 |  4- 6 || total
-------------------------+-------+-------++-------
Melee: Spear             |    47 |   168 ||   215
       Tailslap          |     8 |    19 ||    27
       Dagger            |    66 |     9 ||    75
  Use: Scroll            |     7 |     4 ||    11
       Potion            |     4 |     5 ||     9
 Stab: Invisible         |       |     1 ||     1
  Eat: Chunk             |     2 |     8 ||    10
Armor: Skin              |    32 |    77 ||   109
Dodge: Dodged            |    75 |    66 ||   141
Block: Large shield      |    20 |   132 ||   152
